 Dungeon Crawl Stone Soup version 0.30-a0-726-gd89dcf765f (webtiles) character file.

Game seed: 17704598664855433739

257 Bnni the Poker (level 5, -1/42 HPs)
             Began as a Demonspawn Fighter on Jan 29, 2023.
             Killed from afar by an orc wizard (9 damage)
             ... with a magic dart
             ... on level 3 of the Dungeon.
             The game lasted 00:03:17 (2625 turns).

Bnni the Poker (Demonspawn Fighter)                 Turns: 2625, Time: 00:03:17

Health: -1/42      AC:  9    Str: 18    XL:     5   Next: 93%
Magic:  14/14      EV: 11    Int: 10    God:
Gold:   101        SH:  5    Dex: 16    Spells: 4/4 levels left

rFire   . . .      SeeInvis .    a - +0 trident
rCold   . . .      Faith    .    c - +0 buckler
rNeg    . . .      Spirit   .    b - +0 scale mail
rPois   .          Reflect  .    p - +1 helmet of Sloth {Fly MP+9 Dex+4}
rElec   .          Harm     .    i - +0 cloak
rCorr   .          Rampage  .    (no gloves)
Will    .....                    (no boots) Stlth
                                 (no amulet)
HPRegen 0.27/turn                (no ring)
MPRegen 0.14/turn                (no ring)

@: flying
A: repulsion field 1, ignite blood 1
a: no special abilities


You were on level 3 of the Dungeon.
You visited 1 branch of the dungeon, and saw 3 of its levels.

You collected 101 gold pieces.

Inventory:

Hand Weapons
 a - a +0 trident (weapon)
Missiles
 o - 7 poisoned darts (quivered)
 s - a throwing net
Armour
 b - a +0 scale mail (worn)
 c - a +0 buckler (worn)
 i - a +0 cloak (worn)
 p - the +1 helmet of Sloth (worn) {Fly MP+9 Dex+4}
   (You found it on level 2 of the Dungeon)

   Dex:       It affects your dexterity (+4).
   MP:        It affects your magic capacity (+9).
   Fly:       It grants you flight.
Scrolls
 e - 2 scrolls of blinking {unknown}
 f - 2 scrolls of amnesia {unknown}
 g - a scroll of teleportation {unknown}
 h - 2 scrolls of identify {unknown}
 k - 2 scrolls of poison {unknown}
 l - a scroll of fear {unknown}
 n - a scroll of fog {unknown}
Potions
 d - a potion of might
 j - a potion of heal wounds {unknown}
 m - 5 potions of curing {unknown}
 q - a potion of degeneration {unknown}
 r - a potion of brilliance {unknown}


   Skills:
 + Level 4.0 Fighting
 * Level 4.1 Polearms
 - Level 2.6 Armour
 - Level 4.0 Shields


You had 4 spell levels left.
You didn't know any spells.
Your spell library contained the following spells:

 Spells                   Type           Power      Damage    Failure   Level
 Borgnjor's Revivificati  Necr           0%         N/A       100%        8
 Necromutation            Tmut/Necr      0%         N/A       100%        8
 Death's Door             Necr           0%         N/A       100%        9


Dungeon Overview and Level Annotations

Branches:
Dungeon (3/15)

Altars:
Cheibriados
Vehumet


Innate Abilities, Weirdness & Mutations

You are surrounded by a mild repulsion field. (EV +2)
Your demonic aura sometimes causes spilled blood to erupt in flames.


Message History

You are more confused.
Something hits you but does no damage.
You barely miss the orc wizard. The orc wizard misses you.
Something hits you but does no damage.
You puncture something! The orc wizard barely misses you.
Reactivating autopickup.
You feel a bit more experienced.
Your Fighting skill increases to level 4!
You miss the orc wizard.
The orc wizard hits you but does no damage. x2
The orc wizard attacks as you move away!
The orc wizard misses you.
Found a gold piece.
You closely miss the orc wizard. The orc wizard closely misses you.
The orc wizard hits you with a +0 dagger.
* * * LOW HITPOINT WARNING * * *
The orc wizard casts a spell at you. The puff of flame hits you.
* * * LOW HITPOINT WARNING * * *
Things that are here:
a +0 dagger; a +0 robe; a gold piece The orc wizard attacks as you move away!
The orc wizard closely misses you.
You feel less confused. The orc wizard casts a spell at you.
You are confused.
You see here a gold piece.
You hit the orc wizard but do no damage.
The orc wizard hits you but does no damage.
You miss the orc wizard. The orc wizard casts a spell at you.
The puff of flame hits you but does no damage.
You hit the orc wizard but do no damage.
The orc wizard completely misses you.
You puncture the orc wizard!
The orc wizard is heavily wounded.
The orc wizard closely misses you.
You feel less confused. The orc wizard casts a spell at you.
The magic dart hits you!
You die...

........###### #.......#.#
........# #.##.##.#.###
##......# #.##.#..#...#
##......#########.##.#.####.##
#.......'....................#
#.......#########.##.#.#######
#....######.####..##.#.#
#.#'## $.#......))##.#.# #.#.#
.$.$...$o@..<.#.# #.#.#
.#........####.# ..#.#
###...#.)#####.# ###.#
#..............# # #.#
################ # #.# #.#


You could see an orc wizard.

Vanquished Creatures
  A necrophage (D:3)
  An orc wizard (D:3)
  A mummy (D:3)
  4 gnolls (D:3)
  6 adders
  5 dart slugs
  3 orcs (D:3)
  2 ball pythons
  6 endoplasms
  A giant cockroach (D:1)
  2 hobgoblins (D:1)
  6 quokkas
  3 bats
  A frilled lizard (D:2)
  8 goblins
  4 kobolds
  5 rats
59 creatures vanquished.

Notes
Turn   | Place    | Note
-------+----------+-------------------------------------------
     0 | D:1      | Bnni the Demonspawn Fighter began the quest for the Orb.
     0 | D:1      | Reached XP level 1. HP: 18/18 MP: 1/1
    26 | D:1      | Found a faded altar of an unknown god.
    76 | D:1      | Gained mutation: You are surrounded by a mild repulsion
                  | field. (EV +2) [demonic ancestry]
    76 | D:1      | Reached XP level 2. HP: 24/24 MP: 2/2
   624 | D:2      | Identified the +1 helmet of Sloth {Fly MP+9 Dex+4}
   695 | D:2      | Reached XP level 3. HP: 29/29 MP: 3/3
  1345 | D:2      | Reached XP level 4. HP: 33/35 MP: 4/4
  1942 | D:3      | Found a radiant altar of Vehumet.
  1985 | D:3      | Gained mutation: Your demonic aura sometimes causes spilled
                  | blood to erupt in flames. [demonic ancestry]
  1985 | D:3      | Reached XP level 5. HP: 23/42 MP: 5/5
  2202 | D:3      | Found a snail-covered altar of Cheibriados.
  2444 | D:3      | Identified the +1 ring mail of the Orange {*Corrode rN++}
  2625 | D:3      | Killed from afar by an orc wizard

Illustrated notes

Levels and vault maps discovered:
D:1:      minmay_arrival_three_doors, layout_basic,
          hellmonk_ecumenical_altar_lost_god
D:2:      layout_basic
D:3:      layout_basic, lemuel_tele_altar, grunt_gozag_breadcrumbs,
          chei_slow_surprise

Skill      XL: |  1  2  3  4  5 |
---------------+----------------+-----
Polearms       | 2 3 4 |  4.1
Shields        | 3 4 |  4.0
Fighting       | 4 |  4.0
Armour         | |  2.6

Action                     |  1- 3 |  4- 6 || total
---------------------------+-------+-------++-------
  Melee: Trident           |    83 |   115 ||   198
    Use: Potion            |       |     1 ||     1
 Armour: Scale mail        |    32 |    54 ||    86
  Dodge: Dodged            |    36 |    38 ||    74
  Block: Buckler           |    15 |    28 ||    43

Table legend: (Time is in decaauts)
 A = Elapsed time spent in this place.
 B = Non-inter-level travel time spent in this place.
 C = Inter-level travel time spent in this place.
 D = Time resting spent in this place.
 E = Time spent auto-exploring this place.
 F = Levels seen in this place.
 G = Mean time per level.
                   A        B        C        D        E       F      G
               +--------+--------+--------+--------+--------+-----+--------+
         Total |   2662 |   2564 |     98 |      0 |   2079 |   3 |  887.3 |
       Dungeon |   2662 |   2564 |     98 |      0 |   2079 |   3 |  887.3 |
               +--------+--------+--------+--------+--------+-----+--------+

Top non-repeatable levels by time:
     D:3: 1088 daAuts
     D:2: 973 daAuts
     D:1: 600 daAuts
